 Dungeon Crawl Stone Soup version 0.30-a0-457-g4b7bca3bfa (webtiles) character file.

Game seed: 3540442498448114785

67 shoemetal68 the Poker (level 4, 0/37 HPs)
             Began as a Human Berserker on Dec 13, 2022.
             Was a Follower of Trog.
             Slain by an orc
             ... wielding a +0 club
              (1 damage)
             ... on level 4 of the Dungeon.
             The game lasted 00:13:20 (459 turns).

shoemetal68 the Poker (Human Berserker)              Turns: 459, Time: 00:13:20

Health: 0/37       AC:  2    Str: 20    XL:     4   Next: 40%
Magic:  4/4        EV: 12    Int:  7    God:    Trog [*.....]
Gold:   23         SH:  0    Dex: 12    Spells: 3/3 levels left

rFire   . . .      SeeInvis .    f - +0 rapier
rCold   . . .      Faith    .    (no shield)
rNeg    . . .      Spirit   .    e - +0 robe
rPois   .          Reflect  .    (no helmet)
rElec   .          Harm     .    (no cloak)
rCorr   .          Rampage  .    (no gloves)
Will    .....                    (no boots)
Stlth   +.........               (no amulet)
HPRegen 0.26/turn                (no ring)
MPRegen 0.09/turn                (no ring)

@: confused
A: no striking features
a: Renounce Religion, Berserk


You were on level 4 of the Dungeon.
You worshipped Trog.
Trog was aware of your devotion.
You visited 1 branch of the dungeon, and saw 4 of its levels.

You collected 23 gold pieces.

Inventory:

Hand Weapons
 a - a +0 spear
 f - a +0 rapier (weapon)
Armour
 b - a +1 animal skin
 e - a +0 robe (worn)


   Skills:
 + Level 3.8 Fighting
 + Level 0.5 Short Blades
 + Level 3.8 Polearms
 + Level 2.2 Armour
 + Level 2.3 Dodging


You had 3 spell levels left.
You didn't know any spells.
Your spell library was empty.

Dungeon Overview and Level Annotations

Branches:
Dungeon (4/15)
 Temple: D:4-7

Altars:


Message History

You bump into the rock wall.
You barely miss the orc.
The orc wizard points at you and mumbles some strange words.
You are more confused.
The orc barely misses you. The orc wizard barely misses you.
The orc hits you with a +0 club.
* * * LOW HITPOINT WARNING * * *
You're too confused to move!
The orc wizard hits you with a +0 dagger.
* * * LOW HITPOINT WARNING * * *
The orc closely misses you.
You bump into the rock wall.
The orc wizard hits you but does no damage.
The orc barely misses you.
You bump into the rock wall.
The orc wizard hits you but does no damage.
The orc misses you.
You miss the orc wizard.
The orc wizard is severely wounded.
The orc wizard casts a spell at you.
You are more confused.
The orc misses you.
You bump into the rock wall.
The orc wizard hits you with a +0 dagger.
* * * LOW HITPOINT WARNING * * *
The orc hits you with a +0 club.
* * * LOW HITPOINT WARNING * * *
You hit the orc wizard but do no damage.
The orc wizard is severely wounded.
The orc wizard points at you and mumbles some strange words.
You resist with some effort. The orc hits you but does no damage.
You closely miss the orc.
The orc wizard hits you but does no damage.
The orc barely misses you.
You hit the orc.
The orc is severely wounded.
The orc wizard hits you with a +0 dagger.
* * * LOW HITPOINT WARNING * * *
The orc hits you with a +0 club.
You die...

.......
#.....
#....#
#....#
.....#
######....#
#..o@#o...#
#.##o#<#
#.#....#
#......#
###..###
#..# #....
#.#### #.#


You could see an orc wizard and an orc.

Vanquished Creatures
  An orc priest (D:4)
  Jessica (D:2)
  A dart slug (D:2)
  A ball python (D:1)
  An endoplasm (D:2)
  2 goblins
  A hobgoblin (D:1)
  A kobold (D:1)
  3 rats
12 creatures vanquished.

Notes
Turn   | Place    | Note
-------+----------+-------------------------------------------
     0 | D:1      | shoemetal68 the Human Berserker began the quest for the
                  | Orb.
     0 | D:1      | Reached XP level 1. HP: 18/18 MP: 1/1
   113 | D:2      | Reached XP level 2. HP: 24/24 MP: 2/2
   139 | D:2      | Noticed Jessica
   147 | D:2      | Killed Jessica
   148 | D:2      | Reached XP level 3. HP: 26/29 MP: 3/3
   415 | D:4      | Reached XP level 4. HP: 19/37 MP: 4/4
   459 | D:4      | HP: 1/37 [orc wizard/+0 dagger (2)]
   459 | D:4      | Slain by an orc

Illustrated notes

Levels and vault maps discovered:
D:1:      spicycebolla_arrival_xxxplode, layout_basic, minivault_26
D:2:      layout_basic, dk_noncrumbling_4, lightli_corner_chamber, uniq_jessica
D:3:      layout_loops_ring, lightli_temple_of_fire
D:4:      layout_basic, abandoned_shop, uniq_pikel, uniq_sigmund

Action                   |  1- 3 |  4- 6 || total
-------------------------+-------+-------++-------
Melee: Spear             |    28 |       ||    28
       Punch             |     1 |       ||     1
       Rapier            |    36 |    15 ||    51
  Use: Scroll            |     3 |       ||     3
       Potion            |     2 |       ||     2
Armor: Animal skin       |     4 |       ||     4
       Robe              |     6 |     7 ||    13
Dodge: Dodged            |    26 |     9 ||    35

Table legend: (Time is in decaauts)
 A = Elapsed time spent in this place.
 B = Non-inter-level travel time spent in this place.
 C = Inter-level travel time spent in this place.
 D = Time resting spent in this place.
 E = Time spent auto-exploring this place.
 F = Levels seen in this place.
 G = Mean time per level.
                   A        B        C        D        E       F      G
               +--------+--------+--------+--------+--------+-----+--------+
         Total |    466 |    271 |    195 |      0 |      0 |   4 |  116.5 |
       Dungeon |    466 |    271 |    195 |      0 |      0 |   4 |  116.5 |
               +--------+--------+--------+--------+--------+-----+--------+

Top non-repeatable levels by time:
     D:2: 242 daAuts
     D:1: 103 daAuts
     D:4: 69 daAuts
     D:3: 51 daAuts
